 Dungeon Crawl Stone Soup version 0.21-a0-531-gacddea6 (webtiles) character file.

424 Gerstahl the Skirmisher (level 6, 0/51 HPs)
             Began as a Demonspawn Monk on Dec 12, 2017.
             Succumbed to anet's ghost's poison
             ... on level 3 of the Dungeon.
             The game lasted 00:06:28 (3288 turns).

Gerstahl the Skirmisher (Demonspawn Monk)           Turns: 3288, Time: 00:06:29

Health: 0/51       AC:  3    Str: 10 (11) XL:     6   Next: 64%
Magic:  6/6        EV: 15    Int: 10 (12) God:
Gold:   125        SH:  0    Dex: 16 (17) Spells: 5/5 levels left

rFire    . . .     SeeInvis .   a - +0 falchion
rCold    . . .     Gourm    .   (no shield)
rNeg     . . .     Faith    .   h - +0 leather armour
rPois    .         Spirit   .   (no helmet)
rElec    .         Reflect  .   s - scarf {repulsion}
rCorr    .         Harm     .   (no gloves)
MR       .....                  (no boots)
Stlth    ++........             (no amulet)
HPRegen  0.17/turn              (no ring)
MPRegen  0.10/turn              (no ring)

@: lethally poisoned (0 -> -22), repel missiles
A: hooves 1, repulsion field 1
a: no special abilities


You were on level 3 of the Dungeon.
You were hungry.

You visited 1 branch of the dungeon, and saw 4 of its levels.

You collected 125 gold pieces.

Inventory:

Hand Weapons
 a - a +0 falchion (weapon)
Armour
 b - a +0 robe
 h - a +0 leather armour (worn)
 s - a scarf of repulsion (worn)
Wands
 t - a wand of flame (21)
 y - a wand of iceblast (4)
Scrolls
 d - 2 scrolls of identify {unknown}
 e - 2 scrolls of fear {unknown}
 f - 2 scrolls of fog {unknown}
 i - a scroll of immolation {unknown}
 j - 6 scrolls of teleportation {unknown}
 l - 2 scrolls of blinking {unknown}
 n - 2 scrolls of amnesia {unknown}
 o - 3 scrolls of remove curse {unknown}
 q - a scroll of random uselessness {unknown}
 r - a scroll of noise {unknown}
 x - a scroll of enchant armour {unknown}
Potions
 g - 2 potions of haste
Comestibles
 c - 3 bread rations
 z - a royal jelly
 A - 4 fruits


   Skills:
 + Level 5.4 Fighting
 + Level 4.9 Long Blades
 + Level 3.6 Dodging
 - Level 1.7 Stealth


You had 5 spell levels left.
You didn't know any spells.

Dungeon Overview and Level Annotations

Branches:
Dungeon (4/15)
 Temple: D:4-7

Altars:
Qazlal

Annotations:
D:4 anet's ghost, amateur DEWz


Innate Abilities, Weirdness & Mutations

You have large cloven feet.
You are surrounded by a mild repulsion field. (EV +2)


Message History

You feel very sick.
There is a stone staircase leading up here.
* * * LOW HITPOINT WARNING * * *
You feel sick. Anet's ghost misses you.
You climb upwards.
The ghost fades into the shadows.
Anet's ghost disappears!
* * * LOW HITPOINT WARNING * * *
You feel very sick.
There is a stone staircase leading down here.
Okay, then.
Okay, then.
Okay, then.
You are lethally poisoned (3 -> -20).
You repel missiles.
Your movement speed is average.
Your attack speed is average.
Your base attributes are Str 11, Int 12, Dex 17.
Unknown command.
Are you sure you want to abandon this character and quit the game? (Confirm with "yes".)
Okay, then.
* * * LOW HITPOINT WARNING * * *
You feel sick.
You die...

#..............#.##.....#
#..............#.#.......
##............##.........
##..........###.........
##...###..## ##........
#...# ##.# #........
#...####.#####........
#......#...[##........
#....@................
####..................
##...........#.#...
#.............###.
####.......##.......
#......)##........#.
#........[.........[
#.......####...#....
#.......# ##.#......


There were no monsters in sight!

Vanquished Creatures
  Sigmund (D:4)
  A bullfrog (D:3)
  A scorpion (D:4)
  A worker ant (D:4)
  5 adders
  4 worms
  2 dart slugs
  2 leopard geckos (D:3)
  3 orcs (D:3)
  2 ball pythons
  A giant cockroach (D:1)
  5 goblins
  3 hobgoblins (D:2)
  2 jackals (D:2)
  2 quokkas (D:2)
  7 bats
  6 frilled lizards
  5 kobolds
  5 rats
58 creatures vanquished.

Notes
Turn   | Place    | Note
-------+----------+-------------------------------------------
     0 | D:1      | Gerstahl the Demonspawn Monk began the quest for the Orb.
     0 | D:1      | Reached XP level 1. HP: 18/18 MP: 1/1
   446 | D:1      | Gained mutation: You have large cloven feet. [demonic ancestry]
   446 | D:1      | Reached XP level 2. HP: 24/24 MP: 2/2
   970 | D:2      | Reached XP level 3. HP: 25/29 MP: 3/3
  1312 | D:2      | Reached skill level 4 in Fighting
  1319 | D:2      | Reached XP level 4. HP: 20/37 MP: 4/4
  1515 | D:2      | You fall through a shaft!
  2247 | D:3      | Noticed a bullfrog
  2255 | D:3      | Killed a bullfrog
  2255 | D:3      | Gained mutation: You are surrounded by a mild repulsion field. (EV +2) [demonic ancestry]
  2255 | D:3      | Reached XP level 5. HP: 32/43 MP: 5/5
  2415 | D:3      | Found a stormy altar of Qazlal.
  2580 | D:4      | Noticed anet's ghost (amateur DEWz)
  2813 | D:4      | Noticed Sigmund
  2840 | D:4      | Killed Sigmund
  2840 | D:4      | Reached skill level 5 in Fighting
  2840 | D:4      | Reached XP level 6. HP: 15/51 MP: 6/6
  3287 | D:3      | HP: 2/51 [poisoned by anet's ghost]
  3288 | D:3      | Succumbed to anet's ghost's poison

Vault maps used:
D:1:      onia_arrival_mini_spirals, minmay_misc_feat_five
D:2:      grunt_decor_mini_mirrors
D:3:      lemuel_round_altar, first_bread
D:4:      uniq_sigmund, uniq_crazy_yiuf_cottage

Skill      XL: |  1  2  3  4  5 |
---------------+----------------+-----
Long Blades    | 3 4 |  4.9
Fighting       | 4 5 |  5.4
Dodging        | 3 |  3.6
Stealth        | |  1.7

Action                   |  1- 3 |  4- 6 || total
-------------------------+-------+-------++-------
Melee: Falchion          |    96 |   115 ||   211
       Kick              |    12 |    40 ||    52
  Use: Potion            |       |     9 ||     9
 Stab: Sleeping          |     2 |     1 ||     3
  Eat: Chunk             |     1 |     6 ||     7
Armor: Leather armour    |    18 |    28 ||    46
       Robe              |     1 |       ||     1
Dodge: Dodged            |    70 |    98 ||   168
       Deflected         |       |     2 ||     2
       Rpst.: Falchion   |    18 |    33 ||    51

Table legend:
 A = Spawn XP
 B = Non-spawn XP
 C = Spawn XP percentage of total XP
 D = Spawn monster count
 E = Non-spawn monster count
 F = Spawn count percentage of total count
 G = Total turns spent on level
                    A         B        C        D         E        F      G
               +---------+---------+-------+---------+---------+-------+---------
         Total |       0 |     606 |   0.0 |       0 |      58 |   0.0 |  3288
               +---------+---------+-------+---------+---------+-------+---------
           D:1 |       0 |      27 |   0.0 |       0 |      19 |   0.0 |   795
           D:2 |       0 |      83 |   0.0 |       0 |      20 |   0.0 |   996
           D:3 |       0 |     137 |   0.0 |       0 |      14 |   0.0 |  1004
           D:4 |       0 |     359 |   0.0 |       0 |       5 |   0.0 |   493
               +---------+---------+-------+---------+---------+-------+---------
